 Dungeon Crawl Stone Soup version 0.22-a0-568-g270d1ae (webtiles) character file.

222 royokou the Conjurer (level 5, -12/28 HPs)
             Began as a Deep Elf Conjurer on June 30, 2018.
             Killed by divine providence
             ... invoked by an orc priest
              (15 damage)
             ... on level 4 of the Dungeon.
             The game lasted 00:14:53 (2684 turns).

royokou the Conjurer (Deep Elf Conjurer)            Turns: 2684, Time: 00:14:53

Health: -12/28     AC:  6    Str:  9    XL:     5   Next: 66%
Magic:  3/14       EV: 11    Int: 20    God:
Gold:   210        SH:  0    Dex: 15    Spells: 4/14 levels left

rFire    . . .     SeeInvis .   e - +0 mace
rCold    . . .     Gourm    .   (no shield)
rNeg     . . .     Faith    .   g - +0 ring mail
rPois    .         Spirit   .   (no helmet)
rElec    .         Reflect  .   (no cloak)
rCorr    .         Harm     .   i - +0 pair of gloves
MR       .....                  (no boots)
Stlth    ++........             (no amulet)
HPRegen  0.09/turn              (no ring)
MPRegen  0.14/turn              l - +3 ring of strength

@: very slightly contaminated
A: no striking features
a: no special abilities


You were on level 4 of the Dungeon.
You were hungry.

You visited 1 branch of the dungeon, and saw 4 of its levels.

You collected 210 gold pieces.

Inventory:

Hand Weapons
 b - a +0 club
 e - a +0 mace (weapon)
Armour
 g - a +0 ring mail (worn)
 i - a +0 pair of gloves (worn)
 o - a +0 leather armour
Jewellery
 l - a +3 ring of strength (right hand)
 u - an uncursed amulet of faith
Wands
 f - a wand of iceblast (9)
Scrolls
 j - 4 scrolls of teleportation
 t - a scroll of random uselessness {unknown}
Potions
 d - 2 potions of degeneration {unknown}
 h - 2 potions of cancellation {unknown}
 m - 3 potions of curing {unknown}
 n - a potion of heal wounds {unknown}
 r - a potion of mutation {unknown}
Comestibles
 c - 11 rations


   Skills:
 - Level 2.4 Dodging
 - Level 2.5 Stealth
 + Level 5.0 Spellcasting
 * Level 6.8 Conjurations


You had 4 spell levels left.
You knew the following spells:

 Your Spells              Type           Power        Failure   Level  Hunger
a - Magic Dart            Conj           ####         1%          1    None
b - Searing Ray           Conj           ####..       3%          2    None
c - Dazzling Spray        Conj/Hex       ###...       24%         3    ##.....
d - Iskenderun's Mystic   Conj           ####....     19%         4    ####...

Your spell library contained the following spells:

 Spells                   Type           Power        Failure   Level  Hunger
 Fulminant Prism          Conj/Hex       ###.......   61%         4    ####...
 Force Lance              Conj/Tloc      ###.....     61%         4    ####...


Dungeon Overview and Level Annotations

Branches:
Dungeon (4/15)
 Temple: D:4-7

Altars:
Makhleb
Nemelex Xobeh
Trog
Xom
The Shining One


Message History

You are very lightly contaminated with residual magic.
You smell something strange.
Casting: Iskenderun's Mystic Blast (slightly dangerous; 19% risk of failure)
Confirm with . or Enter, or press ? or * to list all spells.
Aiming: Magic Dart (safe; 1% risk of failure)
Press: ? - help, Shift-Dir - straight line, f/p - orc priest
Aim: an orc priest You miscast Magic Dart.
Nothing appears to happen.
The orc priest calls down the wrath of Beogh upon you.
Beogh smites you!
There is an open door here.
The orc priest invokes the aid of Beogh against you.
Beogh smites you!
* * * LOW HITPOINT WARNING * * *
You close the door.
An orc opens the door.
The orc priest calls down the wrath of Beogh upon you.
Beogh smites you!
Ouch! That really hurt!
You die...

.....+ ....# #+# #...#
#.# ####...## #.#
#.......#
#.#####.....^.#
#@##..'.......#
#.##.##.......#
#.##.######'###
########'##.### #.#
#..#....o.#...# #.#
#...........#.#
##'######
.#......_....###........
...
#...o........##........
.....
##...........##........


You could see an orc priest and an orc.

Vanquished Creatures
  An ogre (D:4)
  An adder (D:2)
  4 gnolls (D:3)
  2 worms
  2 dart slugs (D:2)
  4 leopard geckos
  3 orcs (D:4)
  3 ball pythons (D:1)
  3 giant cockroaches
  7 goblins
  10 hobgoblins
  6 kobolds
  11 bats
  8 frilled lizards
  7 rats
72 creatures vanquished.

Notes
Turn   | Place    | Note
-------+----------+-------------------------------------------
     0 | D:1      | royokou the Deep Elf Conjurer began the quest for the Orb.
     0 | D:1      | Reached XP level 1. HP: 10/10 MP: 6/6
   283 | D:1      | Reached XP level 2. HP: 15/15 MP: 2/8
   287 | D:1      | Learned a level 2 spell: Searing Ray
   544 | D:1      | Reached skill level 5 in Conjurations
   682 | D:2      | Reached XP level 3. HP: 16/19 MP: 1/9
   687 | D:2      | Learned a level 3 spell: Dazzling Spray
   952 | D:2      | Found a shimmering altar of Xom.
   953 | D:2      | Found a burning altar of Makhleb.
  1610 | D:3      | Reached XP level 4. HP: 22/24 MP: 7/11
  1624 | D:3      | Reached skill level 6 in Conjurations
  1633 | D:3      | Learned a level 4 spell: Iskenderun's Mystic Blast
  2301 | D:4      | Found a bloodstained altar of Trog.
  2482 | D:4      | Found a sparkling altar of Nemelex Xobeh.
  2485 | D:4      | Found a glowing golden altar of the Shining One.
  2541 | D:4      | Noticed an ogre
  2552 | D:4      | Killed an ogre
  2552 | D:4      | Reached XP level 5. HP: 28/28 MP: 0/14
  2661 | D:4      | Reached skill level 5 in Spellcasting
  2684 | D:4      | Killed from afar by an orc priest

Vault maps used:
D:1:      saegor_arrival_simple_c, minmay_shallow_snake_nest
D:2:      minitemple
D:3:      first_ration
D:4:      grunt_temple_overflow_open, zin_scriptorium,
          nicolae_ossuary_entry_plus, trog_hazing_becter

Skill      XL: |  1  2  3  4  5 |
---------------+----------------+-----
Conjurations   | 5 6 |  6.8
Spellcasting   | 4 5 |  5.0
Dodging        | |  2.4
Stealth        | |  2.5

Action                   |  1- 3 |  4- 6 || total
-------------------------+-------+-------++-------
Melee: Unarmed           |     3 |       ||     3
       Mace              |     5 |       ||     5
 Cast: Magic Dart        |    83 |    45 ||   128
       Searing Ray       |     4 |     3 ||     7
       Iskenderun's Myst |       |     3 ||     3
  Use: Scroll            |     4 |     3 ||     7
  Eat: Chunk             |     2 |     3 ||     5
Armor: Robe              |     1 |       ||     1
       Ring mail         |       |     1 ||     1
Dodge: Dodged            |    12 |    17 ||    29

Table legend:
 A = Spawn XP
 B = Non-spawn XP
 C = Spawn XP percentage of total XP
 D = Spawn monster count
 E = Non-spawn monster count
 F = Spawn count percentage of total count
 G = Total turns spent on level
                    A         B        C        D         E        F      G
               +---------+---------+-------+---------+---------+-------+---------
         Total |       0 |     318 |   0.0 |       0 |      72 |   0.0 |  2684
               +---------+---------+-------+---------+---------+-------+---------
           D:1 |       0 |      22 |   0.0 |       0 |      15 |   0.0 |   604
           D:2 |       0 |      38 |   0.0 |       0 |      14 |   0.0 |   670
           D:3 |       0 |     101 |   0.0 |       0 |      29 |   0.0 |  1016
           D:4 |       0 |     157 |   0.0 |       0 |      14 |   0.0 |   394
               +---------+---------+-------+---------+---------+-------+---------
